details: 'I win a true 1v4'

« prev index next »

General information

Mini Map

Players

team 1
Random» NightElfqaswedfr (pink | 30 APM | 28 actions | 00:56)

» actions
Build / train5
Enter build submenu2
Right click7
Select / deselect10
Use ability4
28 total
» units
Wisp5
5 total
» buildings
Moon Well1
Altar of Elders1
2 total
» build order
00:12 Moon Well
00:19 Altar of Elders
Random» Undeadkills[low] (purple | 28 APM | 23 actions | 00:49)

» actions
Build / train2
Enter build submenu2
Right click8
Select / deselect9
Use ability2
23 total
» units
Acolyte2
2 total
» buildings
Crypt1
Ziggurat1
2 total
» build order
00:11 Crypt
00:14 Ziggurat
HumanIWILLBSYOU (red | 141 APM | 4105 actions | 29:09)
Hero icon 7 Archmage
Ability icon 3 Summon Water Elemental
Ability icon 3 Brilliance Aura
Ability icon 1 Blizzard
Hero icon 7 Priestess of the Moon
Ability icon 3 Trueshot Aura
Ability icon 3 Searing Arrows
Ability icon 1 Starfall
Hero icon 7 Death Knight
Ability icon 3 Death Coil
Ability icon 3 Unholy Aura
Ability icon 1 Animate Dead
Hero icon 7 Lich
Ability icon 3 Frost Nova
Ability icon 3 Frost Armor
Ability icon 1 Death and Decay

» actions
Assign group hotkey32
Basic commands1291
Build / train144
ESC pressed24
Enter build submenu37
Enter hero's abilities submenu29
Give item / drop item3
Right click914
Select / deselect682
Select group hotkey763
Use ability186
4105 total
» units
Peasant13
Ghoul8
Wisp3
Crypt Fiend8
Archer12
Obsidian Statue3
Frost Wyrm8
Acolyte9
64 total
» upgrades
Creature Attack3
Creature Carapace3
Web1
7 total
» buildings
Altar of Kings2
Farm4
Scout Tower2
Graveyard1
Arcane Tower2
Altar of Darkness1
Crypt1
Ziggurat15
Ancient of War2
Moon Well2
Tomb of Relics1
Halls of the Dead1
Nerubian Tower1
Spirit Tower2
Black Citadel2
Slaughterhouse1
Sacrificial Pit1
Boneyard2
Necropolis1
44 total
» build order
00:08 Altar of Kings
00:34 Farm
00:36 Farm
00:44 Altar of Kings
00:51 Scout Tower
01:20 Graveyard
01:26 Arcane Tower
01:26 Arcane Tower
01:28 Scout Tower
01:46 Altar of Darkness
01:50 Crypt
01:58 Ziggurat
02:07 Farm
02:09 Farm
02:19 Ancient of War
02:22 Ancient of War
02:27 Moon Well
02:29 Moon Well
02:40 Ziggurat
02:41 Tomb of Relics
03:02 Halls of the Dead
03:54 Nerubian Tower
03:55 Spirit Tower
05:05 Ziggurat
05:30 Black Citadel
05:31 Slaughterhouse
05:37 Sacrificial Pit
08:32 Boneyard
08:33 Boneyard
09:19 Ziggurat
09:20 Ziggurat
09:21 Ziggurat
09:37 Spirit Tower
13:02 Ziggurat
13:04 Ziggurat
16:50 Ziggurat
16:50 Ziggurat
16:51 Ziggurat
16:51 Ziggurat
16:52 Ziggurat
16:52 Ziggurat
16:53 Ziggurat
17:38 Necropolis
» items
Rod of Necromancy1
Potion of Healing2
Orb of Corruption1
Scroll of Protection1
Dust of Appearance1
6 total
HumanJustTest (green | 0 APM | 0 actions | 00:11)
team 2
NightElfuZe (orange | 30 APM | 775 actions | 25:28)
Hero icon 4 Demon Hunter
Ability icon 2 Immolation
Ability icon 2 Evasion

» actions
Assign group hotkey25
Build / train67
Enter build submenu14
Enter hero's abilities submenu4
Right click240
Select / deselect318
Select group hotkey69
Use ability38
775 total
» units
Wisp14
Archer12
Huntress7
Hippogryph16
49 total
» upgrades
Strength of the Moon2
Moon Armor2
Strength of the Wild2
Reinforced Hides2
Hippogryph Taming1
9 total
» buildings
Altar of Elders1
Moon Well6
Ancient of War2
Hunter's Hall1
Tree of Life2
Tree of Ages1
Ancient of Wind3
Tree of Eternity1
17 total
» build order
00:22 Altar of Elders
00:34 Moon Well
00:55 Ancient of War
01:51 Ancient of War
02:09 Moon Well
02:41 Moon Well
03:55 Hunter's Hall
03:58 Moon Well
05:52 Tree of Life
08:47 Tree of Ages
11:59 Ancient of Wind
12:00 Ancient of Wind
12:13 Ancient of Wind
18:08 Moon Well
18:08 Moon Well
22:45 Tree of Life
24:00 Tree of Eternity
» items
Scroll of Town Portal1
Scroll of Protection1
2 total
Random» UndeadImProbablyUrDad (blue | 32 APM | 923 actions | 29:07)
Hero icon 6 Dark Ranger
Ability icon 2 Black Arrow
Ability icon 3 Life Drain
Ability icon 1 Charm
Hero icon 2 Pit Lord
Ability icon 1 Howl of Terror
Ability icon 1 Rain of Fire

» actions
Build / train82
Enter build submenu16
Enter hero's abilities submenu8
Remove unit from queue4
Right click414
Select / deselect356
Use ability43
923 total
» units
Acolyte3
Ghoul6
Crypt Fiend28
Rifleman2
Footman1
Hippogryph7
Wisp6
53 total
» upgrades
Creature Attack3
Creature Carapace3
Web1
Burrow1
8 total
» buildings
Crypt2
Graveyard2
Ziggurat7
Altar of Darkness1
Halls of the Dead1
Black Citadel1
Sacrificial Pit1
Tomb of Relics1
Spirit Tower5
21 total
» build order
00:16 Crypt
00:21 Graveyard
00:26 Graveyard
00:43 Ziggurat
01:15 Altar of Darkness
02:34 Ziggurat
04:42 Ziggurat
05:41 Ziggurat
08:10 Halls of the Dead
11:15 Black Citadel
12:04 Sacrificial Pit
13:22 Ziggurat
13:26 Ziggurat
15:55 Ziggurat
16:27 Crypt
18:40 Tomb of Relics
19:05 Spirit Tower
19:07 Spirit Tower
19:09 Spirit Tower
21:29 Spirit Tower
22:37 Spirit Tower
Random» Humanxuperlimit (teal | 27 APM | 677 actions | 25:32)
Hero icon 2 Archmage
Ability icon 1 Summon Water Elemental
Ability icon 1 Blizzard

» actions
Assign group hotkey53
Build / train63
Enter build submenu18
Enter hero's abilities submenu2
Remove unit from queue12
Right click206
Select / deselect190
Select group hotkey102
Use ability31
677 total
» units
Peasant7
Footman12
Siege Engine6
Knight5
Rifleman9
39 total
» upgrades
Plating1
Swords1
Long Rifles1
Gunpowder1
Barrage1
Armor1
6 total
» buildings
Altar of Kings1
Farm7
Barracks2
Lumber Mill1
Blacksmith1
Keep2
Castle2
Arcane Vault1
Workshop4
Town Hall1
22 total
» build order
00:07 Altar of Kings
00:11 Farm
00:14 Barracks
01:25 Farm
02:08 Farm
02:24 Lumber Mill
02:48 Farm
02:50 Farm
02:52 Farm
05:08 Blacksmith
06:01 Keep
06:41 Farm
08:24 Castle
08:30 Arcane Vault
09:51 Workshop
11:24 Workshop
14:11 Town Hall
16:15 Keep
18:05 Barracks
18:58 Castle
21:26 Workshop
21:33 Workshop
HumanGuinchard (yellow | 25 APM | 363 actions | 14:44)
Hero icon 2 Mountain King
Ability icon 1 Thunder Clap
Ability icon 1 Storm Bolt
Hero icon 1 Paladin
Ability icon 1 Holy Light

» actions
Basic commands4
Build / train50
Enter build submenu16
Enter hero's abilities submenu3
Remove unit from queue1
Right click113
Select / deselect152
Use ability24
363 total
» units
Peasant8
Footman18
Knight6
Priest4
36 total
» upgrades
Swords2
Plating2
Lumber Harvesting1
Priest Training1
6 total
» buildings
Altar of Kings1
Barracks2
Farm8
Blacksmith2
Keep1
Castle1
Arcane Sanctum1
Lumber Mill1
17 total
» build order
00:13 Altar of Kings
00:19 Barracks
00:25 Farm
02:00 Farm
02:34 Barracks
02:40 Farm
02:53 Farm
03:23 Farm
03:38 Farm
06:20 Blacksmith
06:27 Blacksmith
06:45 Keep
08:57 Farm
10:16 Castle
11:26 Arcane Sanctum
11:35 Farm
11:44 Lumber Mill

Chat log

(00:07 / Allies) JustTest: I will bs you
(00:20 / All) xuperlimit: :
(00:27 / Allies) IWILLBSYOU: play
(00:28 / Allies) IWILLBSYOU: I go thim
(00:54 / Allies) qaswedfr: well
(01:35 / All) xuperlimit: just leave

(04:33 / All) uZe: cmon dude... no way u can win that one
(04:53 / All) xuperlimit: i believe in miracles
(05:02 / All) ImProbablyUrDad: since u came along
(05:04 / All) ImProbablyUrDad: you sexy thing
(05:10 / All) xuperlimit: :P
(06:08 / All) ImProbablyUrDad: should multiple sheep
(06:12 / All) ImProbablyUrDad: be called shop
(07:10 / All) xuperlimit: bye

(09:06 / All) xuperlimit: come on theres no way you could win this one

(11:43 / All) xuperlimit: zzzzz

(13:07 / All) xuperlimit: ><
(13:26 / All) IWILLBSYOU: you kinda suck
(13:33 / All) xuperlimit: i know
(13:37 / All) ImProbablyUrDad: knowing u red
(13:38 / All) xuperlimit: ur good
(13:44 / All) ImProbablyUrDad: you make people
(13:45 / All) ImProbablyUrDad: leave
(13:49 / All) ImProbablyUrDad: then u try and miracle
(13:52 / All) ImProbablyUrDad: 4v1
(13:56 / All) ImProbablyUrDad: post on utube
(13:59 / All) ImProbablyUrDad: and look like hero

(15:12 / All) xuperlimit: blues not doing anything
(15:30 / All) IWILLBSYOU: he shouldn't have to
(15:32 / All) ImProbablyUrDad: indeed im not
(15:32 / All) IWILLBSYOU: I already won
(15:38 / All) ImProbablyUrDad: lol
(15:40 / All) ImProbablyUrDad: u wont win

(19:56 / All) ImProbablyUrDad: riverside
(19:57 / All) ImProbablyUrDad: motherfucker
(20:01 / All) xuperlimit: lol

(22:05 / All) IWILLBSYOU: wasn't that fun?
(22:09 / All) xuperlimit: ya
(22:11 / All) ImProbablyUrDad: it was
(22:13 / All) ImProbablyUrDad: gg now leave

(25:31 / All) IWILLBSYOU: you going some where?

(28:45 / All) ImProbablyUrDad: omg
(28:47 / All) ImProbablyUrDad: lag
(28:50 / All) ImProbablyUrDad: this is lagging
(28:55 / All) ImProbablyUrDad: like shhittt
(28:58 / All) ImProbablyUrDad: i think im dcing
(29:00 / All) ImProbablyUrDad: OMGGG
(29:05 / All) IWILLBSYOU: I won't post it on youtube
(29:07 / All) IWILLBSYOU: trash